 Dungeon Crawl Stone Soup version 0.20.0-15-g7f486f2 (webtiles) character file.

5183 Chiseanne the Destroyer (level 10, -4/63 HPs)
             Began as a Demonspawn Wizard on June 14, 2017.
             Was a Believer of Vehumet.
             Slain by an elephant (17 damage)
             ... on level 9 of the Dungeon.
             The game lasted 00:30:01 (12439 turns).

Chiseanne the Destroyer (Demonspawn Wizard)        Turns: 12439, Time: 00:30:02

Health: -4/63      AC:  6    Str: 10    XL:     10   Next: 34%
Magic:  14/24      EV: 12    Int: 23    God:    Vehumet [**....]
Gold:   474        SH:  0    Dex: 13    Spells: 20/29 levels left

rFire    . . .     SeeInvis .   s - +5 dagger (venom)
rCold    + . .     Gourm    .   (no shield)
rNeg     . . .     Faith    .   j - +0 robe
rPois    .         Spirit   .   b - +1 hat
rElec    .         Reflect  .   f - +0 cloak
rCorr    .         Harm     .   (no gloves)
MR       .....                  (no boots)
Stlth    ++........             D - amulet of magic regeneration
Regen    0.2/turn               z - +2 ring of dexterity
MPRegen  0.3/turn               G - +2 ring of strength

@: no status effects
A: claws 2, yellow scales 1, cold resistance 1, rot immunity, freezing cloud
immunity
a: Renounce Religion


You were on level 9 of the Dungeon.
You worshipped Vehumet.
Vehumet was pleased with you.
You were very hungry.

You visited 1 branch of the dungeon, and saw 9 of its levels.
You also visited: Sewer.

You collected 474 gold pieces.

Inventory:

Hand Weapons
 s - a +5 dagger of venom (weapon)
Missiles
 g - 168 arrows
 i - 19 tomahawks (quivered)
 k - 35 poisoned needles
 n - 22 bolts
 q - 27 sling bullets
Armour
 b - a +1 hat (worn)
 f - a +0 cloak (worn)
 j - a +0 robe (worn)
 v - a scarf of repulsion
Magical Staves
 a - an uncursed staff of conjuration
Jewellery
 x - an uncursed amulet of faith {unknown}
 z - a +2 ring of dexterity (left claw)
 D - an amulet of magic regeneration (around neck)
 G - a +2 ring of strength (right claw)
Wands
 E - a wand of confusion (18/48)
Scrolls
 e - 5 scrolls of remove curse
 p - 3 scrolls of teleportation
 y - a scroll of identify
 C - 2 scrolls of enchant armour
Potions
 c - 4 potions of flight
 l - 3 potions of curing
 m - a potion of berserk rage
 o - 2 potions of mutation
 A - 2 potions of cancellation
 B - a potion of might
Comestibles
 d - 10 bread rations
 h - 3 royal jellies
 t - 3 meat rations
 w - 2 fruits


   Skills:
 - Level 1.7 Dodging
 - Level 1.7 Stealth
 * Level 10.4 Spellcasting
 * Level 10.9 Conjurations
   Level 1.0 Summonings
 - Level 0.8 Translocations


You had 20 spell levels left.
You knew the following spells:

 Your Spells              Type           Power        Failure   Level  Hunger
a - Magic Dart            Conj           ####         1%          1    None
b - Blink                 Tloc           N/A          6%          2    None
c - Conjure Flame         Conj/Fire      #####...     1%          3    None
d - Mephitic Cloud        Conj/Pois/Air  ####....     3%          3    None


Dungeon Overview and Level Annotations

Branches:
Dungeon (9/15)             Temple (0/1) D:6            Lair (0/6) D:9
    Orc (0/2) D:9

Altars:
Cheibriados
Elyvilon
Fedhas
Hepliaklqana
Kikubaaqudgha
Makhleb
Qazlal
Sif Muna
Uskayaw
Vehumet
Yredelemnul
Zin
The Shining One

Shops:
D:4 }([*

Portals:
Bailey: D:9

Annotations:
D:8 exclusion: ice statue
D:9 1 runed door


Innate Abilities, Weirdness & Mutations

You have very sharp fingernails.
You are partially covered in yellow scales. (AC +2)
Your flesh is cold resistant. (rC+)
You are immune to rotting.
You are immune to freezing clouds.


Message History

The stinking cloud engulfs the elephant.
The elephant is moderately wounded.
You hear two shouts!
You hear a shout!
The elephant is engulfed in noxious fumes.
Wield which item (- for none, * to show all)? (? for menu, Esc to quit)
Your +5 dagger of venom begins to drip with poison!
s - a +5 dagger of venom (weapon)
The elephant is engulfed in blazing flames.
The elephant tramples you but does no damage.
The elephant trunk-slaps you but does no damage.
You hit the elephant.
The elephant is poisoned.
The elephant is heavily wounded.
The elephant is engulfed in blazing flames.
The elephant tramples you!
* * * LOW HITPOINT WARNING * * *
You stumble backwards!
You barely miss the elephant.
The elephant is severely wounded.
The elephant tramples you!
You die...

*,* *,,,,,,,,,,,,,,,,,,,,****
*,***#.....,,,,,,,,,,,,,,,,,,**
..,..#.......,*******,******,,*
..##.........,***** *,* **,*
......#.....#.,,,,***,* *,*
.........>....,,,,,**,* *,**
.............,,,,,,,*,* *,,*
..##.......###################,*
...#............@Y§§§..†)§...#,*
...........##▓▓▓#####▓▓▓######,*
####.......#∩▓)▓.....▓)▓....,*,*
#.......#.▓▓▓.▓▓▓.▓▓▓.▓▓▓.*,*
#.#.....#....?▓)▓.....▓)▓.+,* #
##t#.....######▓▓▓#####▓▓▓##** #
#..#.......,,.......,,,....#
###.#o..##.###########***#####
.##...(.###..........#


You could see an elephant.

Vanquished Creatures
  A two-headed ogre (D:9)
  Pikel (D:8)
  Grinder (D:4)
  A hippogriff (D:8)
  The ghost of Narsil the Changer, an amateur OpTm (D:5)
  Sigmund (D:2)
  A spriggan (D:8)
  4 slaves (D:8)
  A phantom (D:8)
  An orc warrior (D:7)
  A sky beast (D:5)
  2 black bears
  4 ogres
  6 centaurs
  A crocodile (D:9)
  2 big kobolds
  5 bullfrogs
  2 scorpions
  3 crimson imps
  A quasit (D:5)
  A bullfrog zombie (D:5)
  4 hounds
  3 jellies
  A centaur skeleton (D:9)
  5 orc priests
  14 orc wizards
  A bullfrog skeleton (D:9)
  3 iguanas
  3 worker ants
  A hound skeleton (D:4)
  A mummy (D:6)
  2 worker ant zombies
  5 adders
  2 shadow imps
  An ooze (D:3)
  2 adder skeletons (D:4)
  2 worms (D:3)
  3 dart slugs
  5 leopard geckos
  47 orcs
  4 ball pythons (D:3)
  14 giant cockroaches
  3 goblins
  5 hobgoblins
  10 jackals
  4 quokkas
  A ball python skeleton (D:6)
  5 bats
  3 frilled lizards
  8 kobolds
  A leopard gecko zombie (D:6)
  A quokka zombie (D:8)
  4 rats
209 creatures vanquished.

Notes
Turn   | Place    | Note
-------+----------+-------------------------------------------
     0 | D:1      | Chiseanne the Demonspawn Wizard began the quest for the Orb.
     0 | D:1      | Reached XP level 1. HP: 13/13 MP: 4/4
   435 | D:1      | Gained mutation: Your flesh is cold resistant. (rC+) [demonic ancestry]
   435 | D:1      | Reached XP level 2. HP: 19/19 MP: 1/6
  1257 | D:2      | Noticed Sigmund
  1269 | D:2      | Learned a level 2 spell: Blink
  1671 | D:2      | Gained mutation: You are immune to rotting. [demonic ancestry]
  1671 | D:2      | Reached XP level 3. HP: 24/24 MP: 0/8
  1883 | D:2      | Learned a level 3 spell: Conjure Flame
  1887 | D:2      | Learned a level 3 spell: Mephitic Cloud
  2019 | D:2      | Killed Sigmund
  2019 | D:2      | Gained mutation: You have sharp fingernails. [demonic ancestry]
  2019 | D:2      | Reached XP level 4. HP: 24/30 MP: 0/10
  2019 | D:2      | Reached XP level 5. HP: 28/35 MP: 0/11
  2218 | D:3      | Found a faded altar of an unknown god.
  2954 | D:3      | Found a deep blue altar of Sif Muna.
  2963 | D:3      | Gained mutation: You are immune to freezing clouds. [demonic ancestry]
  2963 | D:3      | Reached XP level 6. HP: 41/41 MP: 9/13
  2964 | D:3      | Reached skill level 5 in Spellcasting
  3000 | D:3      | Identified Sif Muna's Disquisition on Envenoming
  3590 | D:4      | Found Haniec's Armour Shop.
  3616 | D:4      | Found Huiq's Weapon Boutique.
  3640 | D:4      | Found Yskaf's General Store.
  3795 | D:4      | Found a glowing drain.
  3814 | Sewer    | Entered a sewer
  3933 | Sewer    | Reached skill level 5 in Conjurations
  4056 | Sewer    | Found a glowing silver altar of Zin.
  4245 | D:4      | Found Cauhun's Gadget Boutique.
  4320 | D:4      | Noticed Grinder
  4339 | D:4      | Paralysed by Grinder for 6 turns
  4348 | D:4      | Paralysed by Grinder for 3 turns
  4363 | D:4      | Killed Grinder
  4363 | D:4      | Reached XP level 7. HP: 24/46 MP: 2/16
  4860 | D:4      | You fall through a shaft!
  4860 | D:5      | Entered Level 5 of the Dungeon
  5462 | D:5      | Noticed a hand axe
  5464 | D:5      | Noticed a hand axe
  5465 | D:5      | Found a hide-covered altar of Uskayaw.
  6191 | D:5      | Gained mutation: You have very sharp fingernails. [demonic ancestry]
  6191 | D:5      | Reached XP level 8. HP: 52/52 MP: 5/18
  6406 | D:5      | Noticed Narsil's ghost (amateur OpTm)
  7298 | D:5      | Killed Narsil's ghost
  7367 | D:5      | Found a blossoming altar of Fedhas.
  8138 | D:6      | Found a radiant altar of Vehumet.
  8154 | D:6      | Became a worshipper of Vehumet
  8379 | D:6      | Reached XP level 9. HP: 57/57 MP: 15/21
  8438 | D:6      | Found a snail-covered altar of Cheibriados.
  8803 | D:6      | Found a staircase to the Ecumenical Temple.
  9088 | D:7      | Found a burning altar of Makhleb.
  9211 | D:7      | Found a glowing silver altar of Zin.
  9211 | D:7      | Noticed an angel
  9212 | D:7      | Noticed an Executioner
 10765 | D:7      | Reached * piety under Vehumet
 10765 | D:7      | Offered knowledge of Sandblast by Vehumet.
 11082 | D:8      | Reached skill level 10 in Conjurations
 11317 | D:8      | Found a hazy altar of Hepliaklqana.
 11317 | D:8      | Found a glowing golden altar of the Shining One.
 11518 | D:8      | Found a stormy altar of Qazlal.
 11518 | D:8      | Found a white marble altar of Elyvilon.
 11651 | D:8      | Noticed an ice statue
 11656 | D:8      | Noticed Pikel
 11947 | D:8      | Killed Pikel
 11947 | D:8      | Gained mutation: You are partially covered in yellow scales. (AC +2) [demonic ancestry]
 11947 | D:8      | Reached XP level 10. HP: 58/63 MP: 13/23
 11994 | D:9      | Noticed a two-headed ogre
 12073 | D:9      | Found a runed door.
 12073 | D:9      | Found a basalt altar of Yredelemnul.
 12083 | D:9      | Noticed a two-headed ogre
 12097 | D:9      | Reached skill level 10 in Spellcasting
 12124 | D:9      | Killed a two-headed ogre
 12248 | D:9      | Found an ancient bone altar of Kikubaaqudgha.
 12250 | D:9      | Noticed an elephant
 12383 | D:9      | Found a flagged portal.
 12406 | D:9      | Reached ** piety under Vehumet
 12406 | D:9      | Offered knowledge of Searing Ray by Vehumet.
 12439 | D:9      | Slain by an elephant

Skill      XL: |  1  2  3  4  5  6  7  8  9 10 |
---------------+-------------------------------+-----
Conjurations   | 2 4 5 6 8 10 | 10.9
Spellcasting   | 4 6 8 9 10 | 10.4
Dodging        | |  1.7
Stealth        | |  1.7
Summonings     | |  1.0
Translocations | |  0.8

Action                   |  1- 3 |  4- 6 |  7- 9 | 10-12 || total
-------------------------+-------+-------+-------+-------++-------
Melee: Short sword       |    21 |       |       |       ||    21
       Staff             |       |    15 |     7 |       ||    22
       Dagger            |       |       |    26 |    21 ||    47
 Cast: Magic Dart        |    73 |   126 |   471 |    44 ||   714
       Mephitic Cloud    |     3 |     2 |    27 |     9 ||    41
       Blink             |       |     2 |    10 |     9 ||    21
       Conjure Flame     |       |     1 |     8 |     4 ||    13
Evoke: Wand              |       |       |     7 |     1 ||     8
  Use: Potion            |     2 |     3 |     4 |     3 ||    12
       Scroll            |       |    15 |    10 |     2 ||    27
 Stab: Confused          |     2 |       |     3 |     1 ||     6
  Eat: Chunk             |     3 |     8 |    23 |       ||    34
Armor: Robe              |     5 |    11 |    32 |    15 ||    63
Dodge: Dodged            |    22 |    33 |    92 |    27 ||   174
